AoeStats
← eessddzz

Arabia

508019858Analyzed
1v1 RM · 12d ago on Sep 20, 2026· 25m 36s· 2 players
Game mode
Random Map
Map size
Tiny (2 player)
Population
200
Speed
Normal
Resources
Standard
Victory
Conquest
Starting age
Dark Age
Ending age
Imperial Age
RankedLock teamsTeams togetherTeam positionsShared explorationLock speedFull tech treeHidden civsTurbo modeCheats
Victory
Defeat
🇩🇪 Goths · Germany
1257
+15
🇳🇱 Mapuche · Netherlands
1235
-15
eessddzz
6:24 Loom
10:00 Feudal Age
10:34 Double-Bit Axe
11:39 Fletching
20:13 Town Watch
24:44 Castle Age
24:03 Gold Mining
25:34 Bodkin Arrow
dunpeal30
5:57 Loom
11:33 Feudal Age
12:26 Man-at-Arms
14:05 Horse Collar
14:37 Scale Mail Armor
19:46 Castle Age
18:27 Forging
20:52 Wheelbarrow
19:52 Long Swordsman
20:34 Squires
21:32 Chain Mail Armor
22:17 Double-Bit Axe
Connection lost

Rejoining the realm…

Still unreachable

The connection could not be restored.

Session expired

The server has moved on; the page needs a fresh start.